 Dungeon Crawl Stone Soup version 0.28-a0-828-g0121872642 (webtiles) character file.

Game seed: 4274051974720317976

336 oldriver the Magician (level 6, 0/45 HPs)
             Began as a Djinni Fire Elementalist on Nov 11, 2021.
             Was an Initiate of Qazlal.
             Slain by a scorpion (6 damage)
             ... on level 5 of the Dungeon.
             The game lasted 00:04:31 (5430 turns).

oldriver the Magician (Djinni Fire Elementalist)    Turns: 5430, Time: 00:04:31

Health: 0/45       AC:  2    Str: 13    XL:     6   Next: 84%
Gold:   138        EV: 12    Int: 18    God:    Qazlal [......] SH:  0 Dex: 14

rFire   + + .      SeeInvis .   f - +1 flail (drain)
rCold   x . .      Faith    .   (no shield)
rNeg    . . .      Spirit   .   a - +0 robe
rPois   ∞          Reflect  .   (no helmet)
rElec   .          Harm     .   (no cloak)
rCorr   .          Rampage  .   (no gloves)
Will    +....                   (boots unavailable)
Stlth   ++........              (no amulet)
HPRegen 0.15/turn               j - ring of willpower
MPRegen 0.00/turn               r - +6 ring of strength

@: flying, very slightly contaminated
A: sickness immunity, fire resistance 2, cold vulnerability 1, float, innate
caster, hp casting, extra vitality 1
a: Renounce Religion


You were on level 5 of the Dungeon.
You worshipped Qazlal.
Qazlal was noncommittal.
You visited 1 branch of the dungeon, and saw 5 of its levels.

You collected 138 gold pieces.

Inventory:

Hand Weapons
 f - a +1 flail of draining (weapon)
Armour
 a - a +0 robe (worn)
Jewellery
 j - a ring of willpower (left hand)
 r - a +6 ring of strength (right hand)
 s - a ring of willpower
Wands
 m - a wand of flame (18)
Scrolls
 b - 2 scrolls of silence {unknown}
 c - 3 scrolls of identify {unknown}
 d - 4 scrolls of teleportation {unknown}
 k - 2 scrolls of magic mapping {unknown}
 n - a scroll of fear {unknown}
 o - a scroll of immolation {unknown}
 q - a scroll of enchant weapon {unknown}
 t - a scroll of holy word {unknown}
Potions
 e - a potion of cancellation {unknown}
 g - 2 potions of degeneration {unknown}
 h - a potion of flight {unknown}
 i - a potion of might {unknown}
 l - a potion of curing {unknown}
 p - 2 potions of heal wounds {unknown}


   Skills:
 * Level 2.7 Fighting
 + Level 0.7 Maces & Flails
 + Level 2.7 Dodging
 + Level 2.3 Stealth
 + Level 4.4 Spellcasting


You couldn't memorise any spells.
You knew the following spells:

 Your Spells              Type           Power      Damage    Failure   Level
a - Foxfire               Conj/Fire      76%        2x1d7     2%          1
b - Scorch                Fire           38%        2d7       3%          2
c - Conjure Flame         Conj/Fire      19%        6-21      7%          3
d - Inner Flame           Hex/Fire       19%        N/A       7%          3
e - Flame Wave            Conj/Fire      19%        3d5       22%         4
f - Animate Skeleton      Necr           38%        N/A       2%          1
g - Blink                 Tloc           38%        N/A       3%          2
Your spell library was empty.

Dungeon Overview and Level Annotations

Branches:
Dungeon (5/15)
 Temple: D:4-7

Altars:
Qazlal
Vehumet


Innate Abilities, Weirdness & Mutations

You are immune to sickness and miasma.
You are immune to poison.
Your flesh is very heat resistant. (rF++)
You are vulnerable to cold. (rC-)
You float through the air rather than walking.
You learn spells naturally, not from books.
Your magical power is your life essence.
You have superior vitality. (+4 HP)


Message History

Confirm with . or Enter, or press ? or * to list all spells.
You miscast Scorch.
You are very lightly contaminated with residual magic.
Nothing appears to happen.
The foxfire hits the scorpion.
The scorpion is lightly wounded.
The foxfire hits the scorpion but does no damage.
The scorpion is lightly wounded.
Casting: Scorch (safe; 3% risk of failure)
Confirm with . or Enter, or press ? or * to list all spells.
Flames lash the scorpion.
The scorpion is lightly wounded.
The scorpion's fire resistance burns away.
The scorpion stings you.
Unknown command.
Casting: Scorch (safe; 3% risk of failure)
Confirm with . or Enter, or press ? or * to list all spells.
Flames lash the scorpion.
The scorpion is burned terribly!
The scorpion is heavily wounded.
The scorpion stings you.
* * * LOW HITPOINT WARNING * * *
The scorpion stings you.
* * * LOW HITPOINT WARNING * * *
Casting: Scorch (safe; 3% risk of failure)
Confirm with . or Enter, or press ? or * to list all spells.
Flames lash the scorpion.
The scorpion is burned terribly!
The scorpion is severely wounded.
* * * LOW HITPOINT WARNING * * *
The scorpion is no longer more vulnerable to fire.
The scorpion barely misses you.
Casting: Scorch (safe; 3% risk of failure)
Confirm with . or Enter, or press ? or * to list all spells.
You miscast Scorch.
Nothing appears to happen.
* * * LOW HITPOINT WARNING * * *
The scorpion closely misses you.
Casting: Scorch (safe; 3% risk of failure)
Confirm with . or Enter, or press ? or * to list all spells.
You miscast Scorch.
Nothing appears to happen.
* * * LOW HITPOINT WARNING * * *
The scorpion stings you.
You die...

#...#
#...#
#...# #
#....
#.#.#.##
......#
#...#
#..<#
#@s##
#.....#
#).#.....
.#.#.####
....# .
.#.... ..
..##..#
## .#


You could see a scorpion.

Vanquished Creatures
  An ogre (D:4)
  A jelly (D:4)
  Jessica (D:3)
  An iguana (D:5)
  2 gnolls (D:1)
  7 adders
  An ufetubus (D:3)
  2 worms
  A dart slug (D:1)
  2 orcs
  6 endoplasms
  7 giant cockroaches
  13 goblins
  6 hobgoblins
  2 kobolds (D:3)
  9 quokkas
  2 ball pythons (D:4)
  6 bats
  3 rats (D:1)
73 creatures vanquished.

Vanquished Creatures (collateral kills)
  9 foxfires (D:2)
9 creatures vanquished.

Vanquished Creatures (others)
  378 foxfires
  10 plants (D:2)
388 creatures vanquished.

Grand Total: 470 creatures vanquished

Notes
Turn   | Place    | Note
-------+----------+-------------------------------------------
     0 | D:1      | oldriver the Djinni Fire Elementalist began the quest for
                  | the Orb.
     0 | D:1      | Reached XP level 1. HP: 15/15 MP: 0/0
   295 | D:1      | Reached XP level 2. HP: 16/21 MP: 0/0
   617 | D:1      | Reached XP level 3. HP: 23/26 MP: 0/0
   617 | D:1      | Learned a level 1 spell: Animate Skeleton
   666 | D:1      | Reached skill level 1 in Fighting
   937 | D:1      | Reached skill level 3 in Spellcasting
  1653 | D:1      | Found a faded altar of an unknown god.
  1889 | D:2      | Reached XP level 4. HP: 29/32 MP: 0/0
  3272 | D:3      | Reached XP level 5. HP: 22/37 MP: 0/0
  3272 | D:3      | Learned a level 2 spell: Blink
  3554 | D:3      | Noticed Jessica
  3558 | D:3      | Killed Jessica
  4079 | D:3      | Found a stormy altar of Qazlal.
  4135 | D:3      | Became a worshipper of Qazlal Stormbringer
  4223 | D:4      | Reached skill level 4 in Spellcasting
  4223 | D:4      | Reached XP level 6. HP: 39/45 MP: 0/0
  4762 | D:4      | Noticed an ogre
  4985 | D:4      | Killed an ogre
  5377 | D:5      | Entered Level 5 of the Dungeon
  5430 | D:5      | Slain by a scorpion

Illustrated notes

Levels and vault maps discovered:
D:1:      minmay_arrival_diagonal_passages, layout_basic,
          ebering_ecumenical_altar_mist
D:2:      layout_loops_ring, serial_forest, infiniplex_forest_lined_3,
          infiniplex_forest_lined_room_2, infiniplex_forest_clump_double,
          infiniplex_forest_clump_small, infiniplex_forest_zigzag_1,
          infiniplex_forest_lined_2, infiniplex_forest_fountain,
          infiniplex_forest_straight_1, minmay_cut_off
D:3:      layout_rooms, minitemple, nicolae_overflow_hidden_temple, uniq_jessica
D:4:      layout_loops_ring, st_stairs_8
D:5:      layout_basic, nemelex_diamond_rough_becter,
          fedhas_bush_and_centaur_altar, minmay_temple_entry_hall

Skill      XL: |  1  2  3  4  5  6 |
---------------+-------------------+-----
Fighting       | 1 2 |  2.7
Spellcasting   | 3 4 |  4.4
Stealth        | 2 |  2.3
Maces & Flails | |  0.7
Dodging        | |  2.7

Action                   |  1- 3 |  4- 6 || total
-------------------------+-------+-------++-------
Melee: Flail             |       |     7 ||     7
 Cast: Foxfire           |    92 |   157 ||   249
       Scorch            |     1 |    14 ||    15
       Blink             |       |     1 ||     1
       Conjure Flame     |       |     2 ||     2
Armor: Robe              |     2 |     8 ||    10
Dodge: Dodged            |     5 |    11 ||    16

Table legend: (Time is in decaauts)
 A = Elapsed time spent in this place.
 B = Non-inter-level travel time spent in this place.
 C = Inter-level travel time spent in this place.
 D = Time resting spent in this place.
 E = Time spent auto-exploring this place.
 F = Levels seen in this place.
 G = Mean time per level.
                   A        B        C        D        E       F      G
               +--------+--------+--------+--------+--------+-----+--------+
         Total |   5430 |   5338 |     92 |    808 |   3982 |   5 | 1086.0 |
       Dungeon |   5430 |   5338 |     92 |    808 |   3982 |   5 | 1086.0 |
               +--------+--------+--------+--------+--------+-----+--------+

Top non-repeatable levels by time:
     D:1: 1872 daAuts
     D:2: 1352 daAuts
     D:4: 1169 daAuts
     D:3: 982 daAuts
     D:5: 52 daAuts
